 Dungeon Crawl Stone Soup version 0.28.0 (webtiles) character file.

Game seed: 14616225325300978281

2067 Eitelfritz the Carver (level 9, 0/71 (74) HPs)
             Began as a Minotaur Gladiator on Feb 16, 2022.
             Was a Priest of Uskayaw.
             Slain by a wight (14 damage)
             ... on level 7 of the Dungeon.
             The game lasted 00:12:02 (6810 turns).

Eitelfritz the Carver (Minotaur Gladiator)          Turns: 6810, Time: 00:12:02

HP:   0/71 (74)     AC:  9    Str: 20    XL:     9   Next: 5%
MP:   11/11         EV: 12    Int:  7    God:    Uskayaw [***...]
Gold: 195           SH:  0    Dex: 13    Spells: 8/8 levels left

rFire   + . .      SeeInvis .   A - +5 scimitar
rCold   . . .      Faith    .   (no shield)
rNeg    . . .      Spirit   .   w - +0 scale mail
rPois   .          Reflect  .   c - +2 hat
rElec   .          Harm     .   (no cloak)
rCorr   +          Rampage  .   (no gloves)
Will    .....                   (no boots)
Stlth   +.........              (no amulet)
HPRegen 0.21/turn               e - ring of resist corrosion
MPRegen 0.12/turn               p - ring of protection from fire

@: lightly drained
A: horns 2, retaliatory headbutt
a: Renounce Religion, Stomp, Line Pass


You were on level 7 of the Dungeon.
You worshipped Uskayaw.
Uskayaw was noncommittal.
You visited 2 branches of the dungeon, and saw 8 of its levels.

You collected 237 gold pieces.
You spent 42 gold pieces at shops.

Inventory:

Hand Weapons
 a - a +1 long sword of venom
 A - a +5 scimitar (weapon)
Missiles
 d - 5 throwing nets (quivered)
 o - 27 poisoned darts
Armour
 c - a +2 hat (worn)
 j - a +0 plate armour
 w - a +0 scale mail (worn)
Jewellery
 e - a ring of resist corrosion (left hand)
 g - a ring of flight
 n - an amulet of guardian spirit
 p - a ring of protection from fire (right hand)
 x - a ring of ice
Wands
 b - a wand of acid (8)
 m - a wand of paralysis (1)
 v - a wand of polymorph (11)
Scrolls
 y - a scroll of fog {unknown}
 z - a scroll of blinking
Potions
 f - 2 potions of curing
 h - 2 potions of magic
 i - a potion of might
 k - a potion of brilliance
 l - a potion of ambrosia {unknown}
 q - 3 potions of heal wounds
 r - 2 potions of berserk rage
 s - 2 potions of lignification
 t - a potion of invisibility
 u - 3 potions of attraction


   Skills:
 + Level 5.4 Fighting
 + Level 9.1 Long Blades
 + Level 2.0 Throwing
 + Level 6.5 Armour
 + Level 5.1 Dodging
 + Level 2.3 Stealth
 * Level 4.4 Invocations


You had 8 spell levels left.
You didn't know any spells.
Your spell library contained the following spells:

 Spells                   Type           Power      Damage    Failure   Level
 Corpse Rot               Necr/Air       0%         N/A       88%         2
 Poisonous Vapours        Pois/Air       0%         N/A       88%         2
 Vampiric Draining        Necr           0%         2d6       98%         3
 Passage of Golubria      Tloc           0%         N/A       100%        4
 Malign Gateway           Summ/Tloc      0%         N/A       100%        7


Dungeon Overview and Level Annotations

Branches:
Dungeon (7/15)             Temple (1/1) D:4

Altars:
Cheibriados
Dithmenos
Elyvilon
Fedhas
Gozag
Hepliaklqana
Makhleb
Nemelex Xobeh
Okawaru
Qazlal
Ru
Sif Muna
Trog
Uskayaw
Vehumet
Xom
Yredelemnul
Zin
The Shining One

Shops:
D:3 ?

Annotations:
D:7 3 runed translucent doors, hitsuchi's ghost, novice TrHu


Innate Abilities, Weirdness & Mutations

You have a pair of horns on your head.
You reflexively headbutt those who attack you in melee.


Message History

The wight is heavily damaged.
The wight barely misses you.
You can now pass through a line of other dancers.
You hit the wight. You headbutt the wight.
The wight is almost destroyed.
The wight hits you with a +0 short sword.
You feel drained.
You barely miss the wight.
The wight is almost destroyed.
The wight hits you with a +0 short sword!
You barely miss the wight.
The wight is almost destroyed.
The wight barely misses you.
You barely miss the wight.
The wight is almost destroyed.
The wight barely misses you.
You slash the wight!
You destroy the wight!
You hit the wight.
The wight is lightly damaged.
The wight misses you.
You closely miss the wight.
The wight is lightly damaged.
The wight misses you.
You hit the wight.
The wight is lightly damaged.
The wight hits you with a +0 great sword!
You feel drained.
You slash the wight! Your headbutt misses the wight.
The wight is almost destroyed.
The wight hits you with a +0 great sword!
* * * LOW HITPOINT WARNING * * *
Uskayaw will force your foes to helplessly watch your dance.
Uskayaw prepares the audience for your solo!
The helpless wight fails to defend itself.
You hit the wight.
You destroy the wight!
The wight is no longer paralysed. x3
The wight hits you with a +0 great sword!
You die...

....##$.gOW#####>## ##....
...#(.##+++##.###..# ###.....
...............###.# #....#..
...............###.###......#
....#.....####...#.....##..##
...#...##...##.........##.##
......#............###.##.##
....#..(######.....###.##..#
..........zz@........#.##=.#
.....#....)z####.###...##..##
...# #..##### #.# #.#..#...#
#. #...## #.# #.#..#.#.# .
..... #.###.#....#.# .......
#..##.....##.# .....#.
##.###(...##.# ..##.#.
#..###.)).#.# .. #...
##.##...).#.#


You could see 3 wights.

Vanquished Creatures
  Eustachio (D:5)
  A steam dragon (D:6)
  Edmund (D:5)
  A sky beast (D:4)
  A necrophage (D:5)
  3 ogres
  A kobold brigand (D:5)
  2 bullfrogs
  A gnoll sergeant (D:6)
  A scorpion (D:6)
  7 wights (D:7)
  A centaur zombie (D:5)
  A jelly (D:4)
  A bullfrog skeleton (D:6)
  An orc priest (D:7)
  3 hounds
  An iguana (D:5)
  Ijyb (D:3)
  3 orc wizards (D:7)
  A hound skeleton (D:2)
  A howler monkey zombie (D:7)
  8 gnolls
  A howler monkey skeleton (D:6)
  7 adders
  2 shadow imps (D:5)
  A white imp (D:5)
  An ufetubus (D:5)
  An adder skeleton (D:4)
  A worm (D:3)
  12 orcs
  6 ball pythons
  5 bats
  8 endoplasms
  6 giant cockroaches
  6 goblins
  8 hobgoblins
  5 jackals
  3 quokkas
  2 frilled lizards
  9 kobolds
  10 rats
136 creatures vanquished.

Vanquished Creatures (others)
  A fungus (D:1)
  A plant (D:1)
2 creatures vanquished.

Grand Total: 138 creatures vanquished

Notes
Turn   | Place    | Note
-------+----------+-------------------------------------------
     0 | D:1      | Eitelfritz the Minotaur Gladiator began the quest for the
                  | Orb.
     0 | D:1      | Reached XP level 1. HP: 18/18 MP: 0/0
   141 | D:1      | Reached skill level 4 in Long Blades
   141 | D:1      | Reached XP level 2. HP: 25/25 MP: 1/1
   373 | D:1      | Found a faded altar of an unknown god.
   524 | D:1      | Reached skill level 1 in Armour
   725 | D:1      | Reached XP level 3. HP: 30/30 MP: 2/2
  1889 | D:2      | Reached XP level 4. HP: 34/37 MP: 3/3
  2394 | D:3      | Found Gocwe's Magic Scroll Boutique.
  2411 | D:3      | Bought a scroll of identify for 28 gold pieces
  2411 | D:3      | Bought a scroll of noise for 14 gold pieces
  2546 | D:3      | Noticed Ijyb
  2546 | D:3      | Paralysed by Ijyb for 5 turns
  2557 | D:3      | Paralysed by Ijyb for 4 turns
  2562 | D:3      | Killed Ijyb
  2694 | D:3      | Reached skill level 5 in Long Blades
  2824 | D:3      | Reached XP level 5. HP: 45/45 MP: 4/4
  3044 | D:4      | Found a sacrificial altar of Ru.
  3044 | D:4      | Found a shimmering blue altar of Sif Muna.
  3133 | D:4      | Found a hide-covered altar of Uskayaw.
  3141 | D:4      | Found a sparkling altar of Nemelex Xobeh.
  3141 | D:4      | Found a hazy altar of Hepliaklqana.
  3141 | D:4      | Found a shadowy altar of Dithmenos.
  3141 | D:4      | Found an iron altar of Okawaru.
  3143 | D:4      | Found an opulent altar of Gozag.
  3145 | D:4      | Found a snail-covered altar of Cheibriados.
  3155 | D:4      | Became a worshipper of Uskayaw the Reveller
  3262 | D:4      | Reached * piety under Uskayaw
  3318 | D:4      | Reached ** piety under Uskayaw
  3322 | D:4      | Reached *** piety under Uskayaw
  3610 | D:4      | Reached skill level 1 in Invocations
  3610 | D:4      | Reached XP level 6. HP: 44/51 MP: 5/5
  3723 | D:4      | Reached skill level 6 in Long Blades
  4096 | D:4      | Found a staircase to the Ecumenical Temple.
  4105 | Temple   | Entered the Ecumenical Temple
  4410 | D:5      | Entered Level 5 of the Dungeon
  4487 | D:5      | Noticed Edmund
  4519 | D:5      | Noticed a sky beast
  4531 | D:4      | Reached skill level 1 in Stealth
  4531 | D:4      | Reached XP level 7. HP: 43/58 MP: 7/7
  4856 | D:5      | Reached skill level 7 in Long Blades
  4963 | D:5      | Noticed Eustachio
  4975 | D:5      | Killed Eustachio
  5186 | D:5      | Killed Edmund
  5187 | D:5      | Reached XP level 8. HP: 57/67 MP: 9/9
  5457 | D:5      | Reached skill level 5 in Armour
  5492 | D:6      | Got the Almanac of Evil and Translocation
  5625 | D:6      | Reached skill level 8 in Long Blades
  5631 | D:6      | Reached skill level 5 in Dodging
  6150 | D:6      | Reached skill level 5 in Fighting
  6395 | D:7      | Found a runed translucent gate.
  6467 | D:7      | Reached **** piety under Uskayaw
  6468 | D:7      | Reached skill level 9 in Long Blades
  6470 | D:7      | Reached ***** piety under Uskayaw
  6667 | D:7      | Reached XP level 9. HP: 72/74 MP: 11/11
  6772 | D:7      | Found a runed translucent gate.
  6772 | D:7      | Found an opulent altar of Gozag.
  6773 | D:7      | Found a runed translucent gate.
  6775 | D:7      | Noticed hitsuchi's ghost (novice TrHu)
  6776 | D:7      | Noticed a green ugly thing
  6810 | D:7      | Slain by a wight

Illustrated notes

Levels and vault maps discovered:
D:1:      dpeg_arrival_fog, layout_basic, shapermc_ecumenical_altar_acropolis,
          minmay_misc_feat_secret_circle
D:2:      minmay_chambers_of_ones, layout_loops_corners, grunt_decor_fettered,
          minmay_distorted
D:3:      layout_basic, serial_shops, nicolae_diamond_shop, due_unseen_surprise,
          uniq_ijyb
D:4:      layout_loops_ring, minitemple, nicolae_overflow_squiral,
          minmay_temple_entry_poolview, minmay_crystal_room
D:5:      layout_loops_ring, hangedman_glass_teeth, uniq_edmund, uniq_eustachio
D:6:      layout_basic, minivault_19, minmay_tree_intersection
D:7:      layout_rooms, serial_shops, nicolae_diamond_shop, ebering_ghost_gozag,
          grunt_decor_clamped, the_hattery
Temple:   nicolae_temple_figure_eight

Skill      XL: |  1  2  3  4  5  6  7  8 |
---------------+-------------------------+-----
Long Blades    | 4 5 6 7 9 |  9.1
Armour         | 1 2 3 4 6 |  6.5
Dodging        | 4 5 |  5.1
Fighting       | 3 4 5 |  5.4
Invocations    | 1 3 4 |  4.4
Stealth        | 1 2 |  2.3
Throwing       | |  2.0

Action                   |  1- 3 |  4- 6 |  7- 9 || total
-------------------------+-------+-------+-------++-------
Melee: Long sword        |    83 |   109 |   133 ||   325
       Headbutt          |     8 |    15 |    37 ||    60
       Punch             |     3 |       |       ||     3
       Scimitar          |       |       |    13 ||    13
  Use: Scroll            |       |    11 |     7 ||    18
 Stab: Paralysed         |       |     1 |     7 ||     8
Armor: Leather armour    |    27 |     2 |       ||    29
       Ring mail         |       |    31 |       ||    31
       Scale mail        |       |     1 |    51 ||    52
Dodge: Dodged            |    65 |    67 |    91 ||   223
